Cogmind - Beta 16 @@@ ROGUE MODE // 2025.10.28 @ 00:48:06 Player: BOBIT Result: Destroyed by S-27 Virus with Autogun Performance ------------- Evolutions (4) 2000 Regions Visited (6) 1200 Robots Destroyed (31) 155 Value Destroyed (1109) 1109 Prototype IDs (1) 20 Alien Tech Used (0) 0 Bonus (-266) -266 TOTAL SCORE: 4218 Bonus ------- Friendly Fire -266 Cogmind --------- Core Integrity 0/850 Matter 262/300 Energy 100/100 System Corruption 2% Temperature Cool (3) Movement Flying (35) Location -6/Factory Parts ------- > --- POWER (2) -------- (None) > --- PROPULSION (3) --- VTOL Module > --- UTILITY (7) ------ Core Analyzer Hacking Suite > --- WEAPON (3) ------- Thermic Laser > --- INVENTORY (5) ---- Flexi-carbon Leg Advanced Heat Sink Energy Well (350) Improved Power Shielding Hardened Light Armor Plating Peak State ------------ > --- POWER ------------ Light Nuclear Core Improved Deuterium Engine > --- PROPULSION ------- Carbon-fiber Leg VSS Leg Improved Titanium Leg > --- UTILITY ---------- Energy Well Advanced Weight Redist. System Improved Sensor Array Improved Signal Interpreter Armor Integrity Analyzer Improved Power Shielding Hardened Medium Armor Plating > --- WEAPON ----------- Shock Rifle High-powered Shock Rifle Heavy Laser > --- INVENTORY -------- Recoil Stabilizer Hardened Light Armor Plating Hardened Light Armor Plating Heavy Laser Blade Saw [Rating: 54] Favorites ----------- Power Ion Engine Engine Ion Engine Power Core Light Nuclear Core Reactor Cold Fusion Reactor Propulsion Aluminum Leg Treads Light Treads Leg Aluminum Leg Wheel Wheel Hover Unit Airjet Flight Unit VTOL Module Utility Advanced Weight Redist. System Device Advanced Weight Redist. System Storage Small Storage Unit Processor Improved Signal Interpreter Hackware Hacking Suite Protection Hardened Medium Armor Plating Weapon Heavy Laser Energy Gun Heavy Laser Ballistic Gun Light Assault Rifle Launcher Rocket Launcher Slashing Weapon Great Axe Build | -11 -10 -10 -10 -8 -7 -6 ------- Run | Yrd Mat Min Sub Mat Fac Fac Slots Evolved 8 | . . . . 4 2 2 Power 1 | . . . . . . 1 Propulsion 1 | . . . . 1 . . Utility 5 | . . . . 3 2 . Weapon 1 | . . . . . . 1 Parts Attached 85 | 6 3 3 2 5 27 39 Power 9 | 1 . 1 . . 2 5 Engine 6 | 1 . 1 . . 1 3 Core 2 | . . . . . 1 1 Reactor 1 | . . . . . . 1 Propulsion 18 | 2 2 . 1 . 5 8 Treads 3 | 2 . . . . . 1 Leg 10 | . 2 . 1 . 3 4 Wheel 1 | . . . . . . 1 Hover 2 | . . . . . 1 1 Flight 2 | . . . . . 1 1 Utility 43 | 1 . 1 1 5 13 22 Device 19 | . . 1 . 3 7 8 Storage 3 | 1 . . . . 1 1 Processor 9 | . . . . 1 3 5 Hackware 1 | . . . . . . 1 Protection 11 | . . . 1 1 2 7 Artifact . | . . . . . . . Weapon 15 | 2 1 1 . . 7 4 Energy Gun 8 | 2 . . . . 4 2 Energy Cannon . | . . . . . . . Ballistic Gun 2 | . 1 . . . . 1 Ballistic Cannon . | . . . . . . . Launcher 2 | . . 1 . . 1 . Special Weapon . | . . . . . . . Impact Weapon . | . . . . . . . Slashing Weapon 3 | . . . . . 2 1 Piercing Weapon . | . . . . . . . Special Melee Weapon . | . . . . . . . Unidentified Prototypes 1 | . . . . . . 1 Corrupted Parts 1 | . . . . . 1 . System Corruption 8 | . . . . . 8 . Parts Lost 33 | . . . . . 10 23 Power 2 | . . . . . 1 1 Propulsion 11 | . . . . . 3 8 Utility 16 | . . . . . 5 11 Weapon 4 | . . . . . 1 3 Highest Loss Streak 8 | . . . . . 8 8 To Critical Strikes . | . . . . . . . Average Backups 5 | 3 6 7 6 2 5 4 Power . | . 1 1 . . . . Propulsion . | 2 4 2 1 . . . Utility 2 | . . . 5 2 2 4 Weapon 1 | . 1 2 . . 2 . Tool/Special . | . . . . . . . Unused Backups 16 | . 2 4 2 . 3 5 Power 1 | . . . 1 . . . Propulsion 3 | . . 2 1 . . . Utility 5 | . . . . . . 5 Weapon 7 | . 2 2 . . 3 . Tool/Special . | . . . . . . . Average Slot Usage (%) 81 | . 85 94 92 79 84 75 Engine 6 | . 14 14 14 9 6 2 Core 1 | . . . . . . 3 Leg 14 | . 10 28 28 18 12 12 Device 16 | . . 9 7 26 19 17 Storage 3 | . 14 14 9 . 4 . Processor 11 | . . . . 4 16 13 Protection 6 | . . . 4 9 7 8 Energy Gun 6 | . 21 14 14 3 5 4 Ballistic Gun 1 | . 7 11 . . . . Launcher 2 | . . 2 14 9 4 . Slashing Weapon 3 | . . . . . 1 6 Peak Build Rating 54 | 6 6 8 10 13 43 54 Average Rating 28 | 4 5 6 8 12 27 39 On Entrance 12 | . 6 6 8 10 13 43 Avg Prop Armor Cover (%) 9 | 25 . . . . 8 10 Naked Turns 43 | . . . . . . 43 Heaviest Build 46 | 12 12 17 29 32 36 46 Greatest Support 56 | 40 40 20 20 20 56 56 Greatest Overweight (x) 10 | 2 . . 1 1 10 3 Average Overweight (x) . | . . . . . . . Largest Inventory Capacity 20 | 8 8 8 8 5 20 5 Average Capacity 6 | 7 8 8 6 5 6 5 Most Carried 9 | 6 8 8 8 5 9 5 Average Carried 5 | 3 6 7 6 3 6 4 Final Capacity 8 | 8 8 8 5 5 5 5 Final Carried 8 | 6 8 8 5 4 5 5 Class Distribution -------------------- 64% | Mutant 23% | Scavenger-Mutant 6% | Gladiator 3% | Tank Dominant Class ---------------- Mutant | -10/Materials Mutant | -10/Mines Mutant | -10/Subcaves Scavenger-Mutant | -8/Materials Mutant | -7/Factory Mutant | -6/Factory Resources | -11 -10 -10 -10 -8 -7 -6 ----------- Run | Yrd Mat Min Sub Mat Fac Fac Matter Collected 1302 | 210 80 73 . 110 263 566 Remotely . | . . . . . . . Salvage Created 1110 | . 94 29 . 62 350 575 Parts 65 | . 7 . . 5 21 32 Haulers Intercepted . | . . . . . . . Recyclers Shooed 1 | . . . . . 1 . Parts Field Recycled . | . . . . . . . Retrieved Matter . | . . . . . . . Parts Self-Destructed . | . . . . . . . Prevented . | . . . . . . . Parts Restored . | . . . . . . . Kills | -11 -10 -10 -10 -8 -7 -6 ------- Run | Yrd Mat Min Sub Mat Fac Fac Combat Hostiles Destroyed 28 | . 4 2 . 1 9 12 Melee 14 | . . . . . 6 8 Guns 12 | . 4 2 . . 2 4 AOE 2 | . . . . 1 1 . Classes Destroyed 9 | . 2 2 . 2 3 . Worker 2 | . . . . . 1 1 Builder 1 | . . . . . 1 . Operator 1 | . . . . 1 . . Swarmer 11 | . 3 . . . 4 4 Grunt 5 | . 1 . . . 2 2 Sentry 3 | . . . . 1 1 1 Hunter 5 | . . . . . 1 4 Programmer 2 | . . . . . 1 1 Assembled 2 | . . 2 . . . . Guerrilla 1 | . . 1 . . . . Best Kill Streak 4 | . 3 1 . 1 4 2 Combat Bots Only 3 | . 3 1 . 1 3 2 Max Kills in Single Turn 2 | . 1 1 . 1 2 1 Gunslinging . | . . . . . . . Exploded 1 | . . . . 1 1 . Melee 1 | . . . . . 1 1 Uniques/NPCs Destroyed . | . . . . . . . Combat | -11 -10 -10 -10 -8 -7 -6 -------- Run | Yrd Mat Min Sub Mat Fac Fac Hostile Shots Fired 671 | . 23 17 . 7 143 481 Missed 235 | . 7 6 . 3 46 173 Hits 436 | . 16 11 . 4 97 308 Melee 1 | . . 1 . . . . Projectile 435 | . 16 10 . 4 97 308 AOE 5 | . . . . . 5 . Critical Strikes 10 | . . . . 1 3 6 Actively Blocked 1 | . . . . . 1 . Damage Taken 5507 | . 129 148 . 90 1519 3621 Core 1231 | . 33 58 . . 279 861 Absorbed by Shields 139 | . . . . . . 139 Redirected to Shielding 86 | . . . . . 36 50 Core Remaining (%) 80 | 100 . . 63 100 60 . Volleys Fired 83 | . 14 15 . 3 13 38 Largest 3 | . 2 2 . 2 2 3 Hottest 179 | . 90 83 . 83 138 179 Shots Fired 125 | . 23 23 . 4 28 47 Gun 113 | . 23 19 . 1 23 47 Cannon . | . . . . . . . Launcher 12 | . . 4 . 3 5 . Special . | . . . . . . . Kinetic 32 | . . 6 . . . 26 Thermal 61 | . 14 13 . 1 23 10 Explosive 12 | . . 4 . 3 5 . Electromagnetic 20 | . 9 . . . . 11 Robot Hit Streak 10 | . 5 8 . . 7 10 Robot Miss Streak 4 | . 3 1 . 2 2 4 Penetration Max . | . . . . . . . Secondary Targets 1 | . 1 . . . . . Max Gunslinging Chain 1 | . 1 . . . . . Shots Hit Robots 123 | . 12 15 . . 29 67 Core Hits 54 | . 5 8 . 2 16 23 Critical Kills . | . . . . . . . Critical Parts Destroyed . | . . . . . . . Critical Strikes 19 | . 2 5 . . 3 9 Burn 8 | . 2 5 . . 1 . Destroy 1 | . . . . . . 1 Corrupt 1 | . . . . . . 1 Sever 9 | . . . . . 2 7 Melee Attacks 72 | . . . . . 20 52 Impact . | . . . . . . . Slashing 72 | . . . . . 20 52 Piercing . | . . . . . . . Sneak Attacks 5 | . . . . . 2 3 Combat Hostiles . | . . . . . . . Follow-up Attacks 1 | . . . . . . 1 Damage Inflicted 3506 | . 144 335 . 69 905 2053 Guns 1015 | . 144 164 . . 240 467 Cannons . | . . . . . . . Explosions 313 | . . 171 . 69 73 . Melee 2163 | . . . . . 577 1586 Ramming 15 | . . . . . 15 . Kinetic 295 | . . 25 . . . 270 Thermal 556 | . 102 139 . . 240 75 Explosive 313 | . . 171 . 69 73 . Electromagnetic 164 | . 42 . . . . 122 Impact . | . . . . . . . Slashing 2163 | . . . . . 577 1586 Piercing . | . . . . . . . Highest Corruption 9 | . . . . . 9 2 Average Corruption 3 | . . . . . 4 1 Corruption Purged 1 | . . . . . 1 . Corruption Blocked . | . . . . . . . Effects 18 | . . . . . 15 3 Message Errors 2 | . . . . . 2 . Matter Fused 4 | . . . . . 3 1 Heat Flow Errors 3 | . . . . . 3 . Energy Discharges 1 | . . . . . . 1 Data Loss (minor) 4 | . . . . . 3 1 Data Loss (major) 2 | . . . . . 2 . Misfires 2 | . . . . . 2 . Overload Shots . | . . . . . . . Overflow Damage 164 | . . 2 . . 18 144 Projectiles . | . . . . . . . Explosions 8 | . . 2 . . 6 . Melee 156 | . . . . . 12 144 Knockbacks . | . . . . . . . Impact . | . . . . . . . Kinetic . | . . . . . . . Secondary . | . . . . . . . Self-Inflicted Damage 59 | . . . . 32 27 . Shots 3 | . . . . 1 2 . Rammed . | . . . . . . . Targets Rammed 8 | . . . . . 8 . Kicked 8 | . . . . . 8 . Crushed . | . . . . . . . Highest Temperature 408 | . 270 92 . 6 259 408 Average Temperature 106 | . 108 48 . 2 83 170 Received Heat Transfer 1060 | . 6 . . 45 417 592 Effects 1 | . . . . . . 1 Shutdowns 1 | . . . . . . 1 Siege Activations . | . . . . . . . Martial Activations . | . . . . . . . Shielding Activations . | . . . . . . . Robots Disrupted . | . . . . . . . Combat Hostiles . | . . . . . . . Robots Corrupted . | . . . . . . . Combat Hostiles . | . . . . . . . Parts Fried 1 | . . . . . . 1 Impact Corruptions . | . . . . . . . Robots Melted . | . . . . . . . Combat Hostiles . | . . . . . . . Parts Melted 5 | . 1 . . . 4 . Heat Transferred 1900 | . 444 777 . . 518 161 Parts Sabotaged . | . . . . . . . Parts Stolen . | . . . . . . . Parts Stripped . | . . . . . . . Power Chain Reactions . | . . . . . . . Alert | -11 -10 -10 -10 -8 -7 -6 ------- Run | Yrd Mat Min Sub Mat Fac Fac Maximum Alert Level . | . . . . . . . Low Security (%) 100 | 100 100 100 . 100 100 100 Level 1 . | . . . . . . . Level 2 . | . . . . . . . Level 3 . | . . . . . . . Level 4 . | . . . . . . . Level 5 . | . . . . . . . High Security . | . . . . . . . Max Security . | . . . . . . . Peak Influence 93 | . 60 24 . 41 93 73 Initial 33 | . . 15 . . . 33 Average 19 | . 38 4 . 16 23 19 Influence Increases 1055 | . 100 34 . 71 372 478 Destroy 0b10 Robot/C 520 | . 80 . . 20 180 240 Destroy 0b10 Robot/NC 20 | . . . . 5 10 5 Destroy Leader 130 | . 20 . . 10 50 50 Successful Hack 53 | . . 5 . . . 48 Disable Machine 30 | . . . . 15 15 . Destroy Structure 77 | . . 29 . 21 27 . Lose Combat Pursuer 225 | . . . . . 90 135 Influence Decreases 1047 | . 60 74 . 71 303 539 Entered New Map 61 | . . 25 . . . 36 Time Decay 725 | . 60 49 . 71 203 342 Lost Part 261 | . . . . . 100 161 Squads Dispatched 15 | . 2 1 . . 6 6 Investigation 5 | . . 1 . . 2 2 Extermination 5 | . . . . . 2 3 Reinforcement 5 | . 2 . . . 2 1 Assault . | . . . . . . . Garrison . | . . . . . . . Intercept . | . . . . . . . Searches Triggered . | . . . . . . . Construction Impeded . | . . . . . . . Haulers Reinforced 1 | . . . . . 1 . Active Scanning Responses . | . . . . . . . Cargo Convoy Interrupts . | . . . . . . . Stealth | -11 -10 -10 -10 -8 -7 -6 --------- Run | Yrd Mat Min Sub Mat Fac Fac Distress Signals 5 | . . 2 . . 1 2 Communications Jammed . | . . . . . . . Distress Signals . | . . . . . . . Times Spotted 81 | . 7 7 1 2 21 43 Peak Tracking Total 9 | . 3 3 1 1 5 9 Tactical Retreats 11 | . . 2 . . 2 7 Traps | -11 -10 -10 -10 -8 -7 -6 ------- Run | Yrd Mat Min Sub Mat Fac Fac Traps Triggered 4 | . . . . . 1 3 Indirectly . | . . . . . . . Trap Hack Attempts . | . . . . . . . Triggered . | . . . . . . . Disarmed . | . . . . . . . Reprogrammed . | . . . . . . . Reused . | . . . . . . . Traps Extracted . | . . . . . . . Installed . | . . . . . . . Triggered . | . . . . . . . Machines | -11 -10 -10 -10 -8 -7 -6 ---------- Run | Yrd Mat Min Sub Mat Fac Fac Machines Disabled 2 | . . . . 1 1 . Max in Single Turn 1 | . . . . 1 1 . Machines Repaired . | . . . . . . . Machines Dismantled . | . . . . . . . Machines Sabotaged . | . . . . . . . Overloaded Fab Kills . | . . . . . . . Hacking | -11 -10 -10 -10 -8 -7 -6 --------- Run | Yrd Mat Min Sub Mat Fac Fac Machines Accessed 9 | . 1 2 . . 2 4 Terminals 7 | . . 2 . . 2 3 Fabricators . | . . . . . . . Repair Stations 1 | . . . . . . 1 Recycling Units 1 | . 1 . . . . . Scanalyzers . | . . . . . . . Garrison Access . | . . . . . . . Total Hacks 20 | . 3 4 . . 4 9 Successful 8 | . 2 2 . . . 4 Failed 12 | . 1 2 . . 4 5 Catastrophic 2 | . . . . . 2 . Database Lockouts . | . . . . . . . Manual . | . . . . . . . Terminals 15 | . . 4 . . 4 7 Fabricators . | . . . . . . . Repair Stations 2 | . . . . . . 2 Recycling Units 3 | . 3 . . . . . Scanalyzers . | . . . . . . . Garrison Access . | . . . . . . . Terminal Hacks 5 | . . 2 . . . 3 Record 1 | . . . . . . 1 Emergency Access Points 1 | . . . . . . 1 Zone Layout 3 | . . 2 . . . 1 Fabricator Hacks . | . . . . . . . Repair Station Hacks 1 | . . . . . . 1 Scan Component 1 | . . . . . . 1 Recycling Unit Hacks 2 | . 2 . . . . . Report Inventory 2 | . 2 . . . . . Scanalyzer . | . . . . . . . Garrison Access Hacks . | . . . . . . . Unauthorized Hacks . | . . . . . . . Terminals . | . . . . . . . Fabricators . | . . . . . . . Repair Stations . | . . . . . . . Recycling Units . | . . . . . . . Scanalyzers . | . . . . . . . Garrison Access . | . . . . . . . Data Cores Recovered 1 | . . . . 1 . . Used . | . . . . . . . Hacking Detections 8 | . 1 1 . . 2 4 Full Trace Events 4 | . . 1 . . 2 1 Feedback Events . | . . . . . . . Feedback Blocked . | . . . . . . . Robot Schematics Acquired . | . . . . . . . Robots Built . | . . . . . . . Authchips . | . . . . . . . Time . | . . . . . . . Total Robot Build Rating . | . . . . . . . Part Schematics Acquired . | . . . . . . . Parts Built . | . . . . . . . Authchips . | . . . . . . . Time . | . . . . . . . Total Part Build Rating . | . . . . . . . Part Studies Acquired . | . . . . . . . Parts Repaired . | . . . . . . . Time . | . . . . . . . Parts Recycled . | . . . . . . . Recycled Matter . | . . . . . . . Retrieved Matter . | . . . . . . . Retrieved Components . | . . . . . . . Parts Scanalyzed . | . . . . . . . Part Schematics Acquired . | . . . . . . . Parts Damaged . | . . . . . . . Bothacking | -11 -10 -10 -10 -8 -7 -6 ------------ Run | Yrd Mat Min Sub Mat Fac Fac Used RIF Installer . | . . . . . . . Robots Hacked . | . . . . . . . Non-combat . | . . . . . . . Combat . | . . . . . . . Robot Hacks Applied . | . . . . . . . Relay Couplers Released . | . . . . . . . Fabnet Peak Effective % . | . . . . . . . Robots Rewired . | . . . . . . . Allies Hacked . | . . . . . . . Hacks Repelled . | . . . . . . . Allies | -11 -10 -10 -10 -8 -7 -6 -------- Run | Yrd Mat Min Sub Mat Fac Fac Total Allies . | . . . . . . . Largest Group . | . . . . . . . Highest-Rated Group . | . . . . . . . Highest-Rated Ally . | . . . . . . . Total Orders . | . . . . . . . Ally Attacks . | . . . . . . . Total Damage . | . . . . . . . Kills . | . . . . . . . Allies Corrupted . | . . . . . . . Allies Melted . | . . . . . . . Intel | -11 -10 -10 -10 -8 -7 -6 ------- Run | Yrd Mat Min Sub Mat Fac Fac Active Infowar (turns) 2528 | . . 195 16 202 953 1162 Sensors 1515 | . . 195 16 . 142 1162 Terrain 908 | . . . . 202 706 . Structural 235 | . . . . 202 33 . Seismic 847 | . . . . 201 646 . Cloaking 179 | . . . . . . 179 Jamming 73 | . . . . . 73 . Robot Analysis Total . | . . . . . . . Derelict Logs Recovered 2 | . . 2 . . . . Drone Launches . | . . . . . . . Drone Recoveries . | . . . . . . . Exploration | -11 -10 -10 -10 -8 -7 -6 ------------- Run | Yrd Mat Min Sub Mat Fac Fac Turns Passed 3203 | 86 145 286 47 204 1043 1392 Spaces Moved 2366 | 56 68 192 28 138 829 1055 Core 117 | 25 . . . . 8 84 Treads 66 | 31 34 . . . . 1 Legs 1530 | . 34 192 28 138 417 721 Wheels . | . . . . . . . Hover 162 | . . . . . . 162 Flight 491 | . . . . . 404 87 Fastest Speed 35 | 50 120 120 120 120 35 35 Average Speed 106 | 129 140 120 152 136 104 98 Slowest Speed 550 | 160 160 120 190 190 550 270 Overloaded Moves . | . . . . . . . Propulsion Burnouts . | . . . . . . . Robots Hopped 7 | . . . . . 4 3 Potential Cave-ins . | . . . . . . . Cave-ins Triggered . | . . . . . . . Exploration Rate (%) 18 | 3 25 38 3 16 18 25 Regions Visited 6 Branch Regions 2 Pre-discovered Areas . | . . . . . . . Known Exits Taken 2 | . . . . 1 1 . Unknown Exits Taken 4 | 1 1 1 1 . . . Scrap Searched 1 | . . 1 . . . . Spaces Dug 10 | . . . . . 10 . Terrain Destroyed 103 | . . 42 . 26 35 . Melee . | . . . . . . . Projectile . | . . . . . . . AOE 103 | . . 42 . 26 35 . Terrain Rammed . | . . . . . . . Walls Destroyed . | . . . . . . . Machines Disabled . | . . . . . . . Actions | -11 -10 -10 -10 -8 -7 -6 --------- Run | Yrd Mat Min Sub Mat Fac Fac Total 2790 | 67 97 230 35 151 944 1266 Wait 43 | . 1 5 . 2 4 31 Move 2347 | 55 67 191 27 137 821 1049 Hop 6 | . . . . . 3 3 Pick Up 44 | 6 7 7 . 1 12 11 Fast Attach 63 | 6 . 1 1 1 20 34 Attach 33 | . 3 2 . 4 15 9 Detach 25 | . . 2 1 2 12 8 Swap 13 | . . . 1 . 2 10 Drop 54 | . 5 7 5 1 14 22 Fire 83 | . 14 15 . 3 13 38 Melee 71 | . . . . . 20 51 Ram . | . . . . . . . Kick 8 | . . . . . 8 . Crush . | . . . . . . . Escape Stasis . | . . . . . . . Rewire . | . . . . . . . Trap . | . . . . . . . Miscellaneous . | . . . . . . . Route ------- -11/Scrapyard -10/Materials -10/Mines -10/Subcaves -8/Materials (discovered 2 exits: *Fac x2) -7/Factory -6/Factory History --------- Turn | Location | Event 6 | -11/Scrapyard | Discovered new exit (range 15) 87 | -11/Scrapyard | Entered Materials 207 | -10/Materials | Discovered new exit (range 16) 232 | -10/Materials | Entered Mines 239 | -10/Mines | Received a Rocket Launcher from a helpful Derelict 250 | -10/Mines | Learned 2 Materials zone layouts 303 | -10/Mines | Build established: Mutant 357 | -10/Mines | Assembled infested the area 362 | -10/Mines | Assisted by a Guerilla fighting off Assembled 488 | -10/Mines | Discovered new exit (range 4) 518 | -10/Mines | Entered Subcaves 519 | -10/Subcaves | Approached by a straggling Scientist 548 | -10/Subcaves | Discovered new exit (range 10) 565 | -10/Subcaves | Entered Materials 565 | -8/Materials | Evolved 4 slots: Propulsion x1, Utility x3 566 | -8/Materials | Identified exit to Factory 745 | -8/Materials | Discovered exit to Factory (range 13) 769 | -8/Materials | Entered Factory 769 | -7/Factory | Evolved 2 slots: Utility x2 865 | -7/Factory | Build established: Scavenger-Mutant 1297 | -7/Factory | Build established: Mutant 1492 | -7/Factory | Lost 8 parts (1p3n3u1w) 1796 | -7/Factory | Discovered new exit (range 8) 1807 | -7/Factory | Identified exit to Factory 1812 | -7/Factory | Entered another Factory area 1812 | -6/Factory | Evolved 2 slots: Power x1, Weapon x1 2873 | -6/Factory | Build established: Scavenger-Mutant 2957 | -6/Factory | Lost 3 parts (2n1u) 2969 | -6/Factory | Core integrity fell below 50% 3008 | -6/Factory | Core integrity fell below 20% 3014 | -6/Factory | Released all parts (5) 3034 | -6/Factory | Lost 8 parts (1p1n5u1w) 3204 | -6/Factory | Destroyed by S-27 Virus with Autogun Last Messages --------------- 03057_ Acquired Gravmag Array. 03066_ Acquired 23 matter. 03071_ Acquired 30 matter. 03111_ Acquired Reaction Control System. 03116_ Acquired Core Analyzer. 03139_ Acquired Hacking Suite. 03150_ System corrupted: Component data lost. 03157_ Acquired Flexi-carbon Leg. 03159_ S-27 Virus destroyed. 03160_ Acquired 26 matter. 03161_ Reaction Control System destroyed. 03163_ Acquired VTOL Module. 03170_ System corrupted: Energy discharge (-20). 03174_ Acquired Thermic Laser. 03192_ ALERT: Potential suspicious activity detected, Programmers report to Factory Zone 8M. 03192_ K-01 Serf cleans the Subcomponent Replicator. 03197_ Gravmag Array destroyed. Map ----- +----------------------------------------------------+ | ?????????????????????????????????????????????????? | | ?????????????????????????????????????????????????? | | ?????????????????????????????????????????????????? | | ?????????????????????????????????????????????????? | | ?????????????????????????????????????????????????? | | ?????????????????????????????????????????????????? | | ?????????????????????????????????????????????????? | | ?????????????????????????????????????????????????? | | ?????????????????????????????????????????????????? | | ?????????????????????????????????????????????????? | | ?????????????????????????????????????????????????? | | ?????????????????????????????????????????????????? | | ?????????????????????????????????????????????????? | | ?????????????????????????????????????????????????? | | ?????????????????????????????????????????????????? | | ?????????????????????###+##??????????????????????? | | ?????????????????????# ??????????????????????? | | ????????????????????## ??????????????????????? | | ????????????????????? " ??????????????????????? | | ?????????????????????# ??????????????????????? | | ?????????????????????? ??????????????????????? | | ??????????????????????# #??????????????????????? | | ??????????????????????# #?????????????? #??????? | | ??????????????????????# #?????????##### #??????? | | ??????????????????????# #????????? #??????? | | ??????????????????????# @#????????? #??????? | | ??????????????????????# #????????? #####??? | | ??????????????????????# #?????????# ??? | | ?????????????????????## #?????????# ???? | | ?????????????????????# #?????????# ?????? | | ?????????????????????#T #????????## ##?????? | | ?????????????????????## #????????# #?????? | | ??????????????????????# s#######+## #?????? | | ??????????????????????# s T" #?????? | | ??????????????????????# " #?????? | | ??????????????????????# #?????? | | ??????????????????????## ########### #?????? | | ???????????????????????# ??????????# #?????? | | ???????????????????????# ??????????#### ####?????? | | ???????????????????????# ??????########+#####????? | | ???????????????????????# ??????# #????? | | ???????????????????????# ??????# #????? | | ???????????????????????# ??????# #????? | | ???????????????????????# ??????# "" "" #????? | | ??????????????????????? ???????+ "" "" #????? | | ???????????????????????#???????# """ """ #????? | | ???????????????????????????????# """ """ #????? | | ???????????????????????????????# """ """ #????? | | ???????????????????????????????# #????? | | ???????????????????????????????# #????? | +----------------------------------------------------+ Best States ------------- Heat Dissipation 37 Energy Generation 30 Energy Capacity 390 Matter Stores 300 Matter Capacity 300 Sight Range 16 Robot Scan Range 15 Terrain Scan Range 16 Terrain Scan Density 185 Jamming Range 12 Cloak Strength 2 Additional Mass Support 9 Armor Coverage 800 Resistance: EX 25 Power Shielding 66 Propulsion Shielding 66 Phase Shifting 5 Evasion (%) 63 Targeting Accuracy 20 Core Analysis 6 Armor Integrity Analysis 30 Recoil Reduction 2 Force Boost 20 Offensive Hacking 10 Item Schematics ----------------- None Robot Schematics ------------------ None Fabricated ------------ Nothing Repaired ---------- Nothing Studied --------- None Alien Tech Used ----------------- None Achievements -------------- A Problem For Future Me DATA ERROR: Steam Global Achievement% For Emergencies Only Live, Flee, And Rebuild Organ Harvest Overwhelming Resistances Are Futile Sprinter That Tickles There's More Where That Came From Challenges ------------ None Game ------ Seed SubatomicReflexParser Manual? 0 Play Time 00:49:08 Cumulative 45.0 hours Start 2025.10.28 @ 00:01:47 End 2025.10.28 @ 00:48:06 Sessions 1 Manual Loads 0 Difficulty Rogue Special Mode None Game No. 99 Rogue 99 Adventurer 0 Explorer 0 Win Type - Total 0 Types 0/0/0/0/0/0/0/0/0/0 Lore% 13 Gallery% 36 Achievement% 21 Wizard Run 0 Options --------- Layout 1 ASCII 0 Keyboard 0 Movement Numpad Keybinds 0 Fullscreen 1 Font 24/Smallcaps Map View 50x40 Zoom Use 0% Tactical HUD 1 Map Filters NONE Filters NONE Steam X RUN: 05a8fae7-57dc-4bfa-a5f4-bebe4842f83b